 Dungeon Crawl Stone Soup version 0.29-a0-416-g83a48905f1 (webtiles) character file.

Game seed: 17367715084295476188

20623 dolemite99 the Brawler (level 12, -9/109 HPs)
             Began as a Troll Monk on May 16, 2022.
             Was a Believer of Uskayaw.
             Mangled by a bog body (14 damage)
             ... on level 1 of the Lair of Beasts.
             The game lasted 00:18:22 (14139 turns).

dolemite99 the Brawler (Troll Monk)                Turns: 14139, Time: 00:18:23

Health: -9/109     AC:  8    Str: 22    XL:     12   Next: 47%
Magic:  10/17      EV:  8    Int:  8    God:    Uskayaw [**....]
Gold:   387        SH: 16    Dex: 16    Spells: 11/11 levels left

rFire   + . .      SeeInvis .     - Unarmed
rCold   + . .      Faith    +   B - +0 tower shield
rNeg    . . .      Spirit   .   l - +0 steam dragon scales
rPois   +          Reflect  .   e - +1 hat
rElec   +          Harm     .   (no cloak)
rCorr   +          Rampage  .   (gloves unavailable)
Will    .....                   (boots unavailable)
Stlth   ++........              y - amulet of faith
HPRegen 1.08/turn               d - ring "Cafuanuh" {rPois Int+2}
MPRegen 0.15/turn               c - +4 ring of slaying {=R}

@: resistant
A: large, unfitting armour, claws 3, regeneration 1, shaggy fur 1, tough skin 1
a: Renounce Religion, Stomp, Line Pass


You were on level 1 of the Lair of Beasts.
You worshipped Uskayaw.
Uskayaw was aware of your devotion.
You visited 2 branches of the dungeon, and saw 12 of its levels.

You collected 823 gold pieces.
You spent 436 gold pieces at shops.

Inventory:

Missiles
 a - 3 silver javelins
 s - a throwing net
 v - 372 stones
 F - 6 boomerangs (quivered)
 M - a javelin
 T - 3 atropa-tipped darts
Armour
 e - a +1 hat (worn)
 l - +0 steam dragon scales (worn)
 B - a +0 tower shield (worn)
Magical Staves
 n - a staff of conjuration
 R - a staff of earth
Jewellery
 c - a +4 ring of slaying (right claw) {=R}
 d - the ring "Cafuanuh" (left claw) {rPois Int+2}
   (You bought it in a shop on level 10 of the Dungeon)

   [ring of poison resistance]

   Int:       It affects your intelligence (+2).
   rPois:     It protects you from poison.
 h - an amulet of reflection
 k - a ring of ice
 t - a ring of willpower
 w - a +6 ring of strength
 y - an amulet of faith (around neck)
 K - a ring of fire
 L - a ring of willpower
 N - a +4 ring of protection
Wands
 H - a wand of digging (3)
 I - a wand of paralysis (6)
 P - a wand of iceblast (5)
 S - a wand of mindburst (11)
Scrolls
 g - 7 scrolls of identify {@r1}
 j - 3 scrolls of vulnerability
 p - 3 scrolls of immolation
 q - 2 scrolls of fear
 u - 2 scrolls of blinking
 x - a scroll of silence
 D - 4 scrolls of magic mapping
 O - a scroll of summoning
 V - 2 scrolls of poison
Potions
 b - 4 potions of ambrosia
 f - 4 potions of cancellation {unknown}
 i - 3 potions of resistance
 m - 2 potions of lignification {unknown}
 o - 4 potions of degeneration {unknown}
 r - 2 potions of curing
 z - 2 potions of attraction {unknown}
 A - 3 potions of magic {unknown}
 C - 3 potions of flight {unknown}
 E - 2 potions of brilliance {unknown}
 G - a potion of experience {unknown}
 J - a potion of might {unknown}
 Q - a potion of heal wounds
 U - a potion of haste


   Skills:
 + Level 4.6 Fighting
 + Level 4.1 Throwing
 - Level 2.4 Dodging
 - Level 1.0 Stealth
 - Level 8.5 Shields
 - Level 15.0 Unarmed Combat
 - Level 8.6 Invocations


You had 11 spell levels left.
You didn't know any spells.
Your spell library contained the following spells:

 Spells                   Type           Power      Damage    Failure   Level
 Sandblast                Erth           0%         2d4       90%         1
 Blink                    Tloc           0%         N/A       97%         2
 Dazzling Flash           Conj/Hex       0%         N/A       99%         3
 Lesser Beckoning         Tloc           0%         N/A       99%         3
 Spider Form              Tmut/Pois      0%         N/A       99%         3
 Stone Arrow              Conj/Erth      0%         3d7       99%         3
 Olgreb's Toxic Radiance  Pois           0%         N/A       100%        4
 Agony                    Necr           0%         N/A       100%        5
 Manifold Assault         Tloc           0%         N/A       100%        5
 Silence                  Hex/Air        0%         N/A       100%        5
 Iron Shot                Conj/Erth      0%         9d1       100%        6
 Starburst                Conj/Fire      0%         6d3       100%        6
 Shatter                  Erth           0%         3d5*      100%        9


Dungeon Overview and Level Annotations

Branches:
Dungeon (10/15)            Temple (0/1) D:4            Lair (2/6) D:8
  Swamp (0/4) Lair:2          Orc (0/2) D:9
  Snake: Lair:2-4    Spider: Lair:2-4

Altars:
Ashenzari
Dithmenos
Kikubaaqudgha
Qazlal
Trog
Uskayaw
Wu Jian
Xom
The Shining One

Shops:
D:10 =

Annotations:
D:3 exclusion: door
D:7 2 transporters, jimonade's ghost, novice DECj


Innate Abilities, Weirdness & Mutations

You are too large for most types of armour.
You have claws for hands.
Your natural rate of healing is unusually fast.
You are covered in fur. (AC +1)
You have tough skin. (AC +1)


Message History

The fungus begins to die.
The fungus is moderately damaged.
The blink frog blinks!
You block the bullfrog's attack. The yak gores you. The yak gores you!
You block the bullfrog's attack. The blink frog hits you.
The blink frog blinks!
Uskayaw will force your foes to helplessly watch your dance.
Uskayaw prepares the audience for your solo!
The bog body is no longer paralysed.
Found a falchion and 19 gold pieces.
Found a stone staircase leading down.
The yak is no longer paralysed.
The bog body casts a spell at you. You resist with significant effort.
The blink frog blinks!
The yak attacks as you move away! The yak gores you!
A nearby fungus withers and dies.
The blink frog is no longer paralysed.
The bullfrog is no longer paralysed.
The yak is no longer paralysed.
There is an escape hatch in the ceiling here.
You block the bog body's attack. The yak gores you but does no damage.
A mysterious force pulls you upwards. The hatch slams shut behind you.
You claw the yak!
The yak is almost dead.
The bog body touches you. The bog body freezes you!
* * * LOW HITPOINT WARNING * * *
You block the yak's attack.
Uskayaw will force your foes to helplessly watch your dance.
You scratch the yak but do no damage.
The yak is almost dead.
You block the bog body's attack. You block the yak's attack.
You stomp with the beat, sending a shockwave through the revellers around you!
The bog body is moderately damaged.
You kill the yak!
The bog body gestures at you while chanting.
The bolt of cold hits you!
* * * LOW HITPOINT WARNING * * *
You feel protected. The bog body barely misses you.
You feel protected. The bog body touches you.
* * * LOW HITPOINT WARNING * * *
The bog body freezes you! You resist.
You die...

###.##..# #.####.###..#..........
.....#..# #......##...#..........
÷.......# #......###...........#.
.....#..###.#.#.####..#........+.
.....P.....≈.#..###............#.
.....≈.≈≈≈≈≈≈≈≈..###..#..........
+..#.≈≈≈≈≈≈≈≈≈.........#.#.####..
.....≈≈≈≈≈≈≈≈≈...n...............
.....≈≈≈.≈.≈≈≈≈.@................
.....≈≈≈≈<.≈≈≈≈†.................
...>.≈≈≈...≈≈≈...................
.....≈≈≈≈≈≈≈≈≈...................
.....≈≈≈≈≈≈≈≈.........##..######.
###..≈≈≈≈≈≈≈≈.###.....#.##.P####.
###.##...≈...P####............#..
....##...≈#.....##.....P......##.
.........##.....##..).##......##.


You could see a bog body.

Vanquished Creatures
  2 two-headed ogres
  2 centaur warriors (D:10)
  2 death yaks (Lair:2)
  The ghost of Pelinal the Grappler, a novice VSTm of Wu Jian (D:10)
  A bog body (Lair:2)
  Pikel (D:6)
  Maggie (D:8)
  A black mamba (Lair:1)
  A torpor snail (Lair:2)
  A gargoyle (D:10)
  An unseen horror (D:10)
  Psyche (D:8)
  2 komodo dragons (Lair:1)
  Prince Ribbit (D:4)
  5 blink frogs (Lair:1)
  5 slime creatures (D:10)
  Sigmund (D:2)
  A wyvern (D:6)
  25 yaks
  A ynoxinul (D:10)
  Eustachio (D:5)
  A basilisk (Lair:2)
  Grum (D:9)
  A steam dragon (D:8)
  8 humans (D:10)
  4 vampire mosquitoes (D:10)
  Menkaure (D:6)
  Edmund (D:6)
  5 water moccasins
  3 orc warriors (D:9)
  A black bear (D:7)
  4 ice beasts (D:6)
  5 centaurs
  2 wolves (D:9)
  2 phantoms
  7 bullfrogs
  A necrophage (D:5)
  A gnoll sergeant (D:9)
  3 scorpions
  4 wights (D:6)
  5 killer bees (D:9)
  2 howler monkeys
  3 electric eels (D:10)
  10 hounds
  4 jellies
  8 orc priests
  A gnoll shaman (D:9)
  5 iguanas
  13 orc wizards
  21 gnolls
  8 adders
  4 shadow imps
  2 white imps
  3 ufetubi (D:6)
  3 worms
  49 orcs
  6 endoplasms
  3 giant cockroaches
  12 goblins
  10 hobgoblins
  12 jackals
  2 quokkas
  4 ball pythons
  6 bats
  3 frilled lizards
  19 kobolds
  4 rats
334 creatures vanquished.

Vanquished Creatures (collateral kills)
  An adder (D:6)
1 creature vanquished.

Vanquished Creatures (others)
  A steam dragon (D:10)
  19 fungi
  12 plants
  6 toadstools (D:3)
38 creatures vanquished.

Grand Total: 373 creatures vanquished

Notes
Turn   | Place    | Note
-------+----------+-------------------------------------------
     0 | D:1      | dolemite99 the Troll Monk began the quest for the Orb.
     0 | D:1      | Reached XP level 1. HP: 22/22 MP: 0/0
    85 | D:1      | Found a faded altar of an unknown god.
    89 | D:1      | Reached XP level 2. HP: 29/29 MP: 1/1
    99 | D:1      | Prayed at the altar of an unknown god.
    99 | D:1      | Became a worshipper of Uskayaw the Reveller
    99 | D:1      | Reached * piety under Uskayaw
    99 | D:1      | Reached ** piety under Uskayaw
   278 | D:1      | Reached skill level 4 in Unarmed Combat
   278 | D:1      | Reached *** piety under Uskayaw
   838 | D:2      | Reached XP level 3. HP: 30/36 MP: 2/2
  1375 | D:2      | Noticed Sigmund
  1536 | D:2      | Killed Sigmund
  1537 | D:2      | Reached skill level 6 in Unarmed Combat
  1537 | D:2      | Reached XP level 4. HP: 39/44 MP: 3/3
  1537 | D:2      | Reached XP level 5. HP: 45/50 MP: 4/4
  1833 | D:3      | Found a bloodstained altar of Trog.
  1842 | D:3      | Reached XP level 6. HP: 59/59 MP: 5/5
  2225 | D:3      | Reached skill level 7 in Unarmed Combat
  2674 | D:4      | Reached **** piety under Uskayaw
  2871 | D:4      | Reached skill level 1 in Invocations
  2872 | D:4      | Found a shimmering altar of Xom.
  2958 | D:4      | Found an ancient bone altar of Kikubaaqudgha.
  3184 | D:4      | Reached XP level 7. HP: 66/66 MP: 6/6
  3312 | D:5      | Entered Level 5 of the Dungeon
  3385 | D:5      | Noticed Eustachio
  3478 | D:5      | Reached skill level 1 in Shields
  3478 | D:5      | Reached skill level 8 in Unarmed Combat
  3497 | D:5      | Noticed Prince Ribbit
  3507 | D:4      | Found a staircase to the Ecumenical Temple.
  3691 | D:4      | Killed Prince Ribbit
  4131 | D:5      | Reached XP level 8. HP: 74/74 MP: 8/8
  4252 | D:5      | Killed Eustachio
  4253 | D:5      | Reached skill level 9 in Unarmed Combat
  5037 | D:6      | Noticed Pikel
  5049 | D:6      | Killed Pikel
  5050 | D:6      | Reached skill level 10 in Unarmed Combat
  5127 | D:6      | Reached XP level 9. HP: 55/74 MP: 11/11
  5148 | D:6      | Noticed Menkaure
  5154 | D:6      | Killed Menkaure
  5928 | D:6      | Found a broken altar of Ashenzari.
  5928 | D:6      | Noticed Edmund
  5964 | D:6      | Killed Edmund
  5965 | D:6      | Reached skill level 5 in Invocations
  6165 | D:6      | Reached skill level 11 in Unarmed Combat
  6235 | D:6      | Reached skill level 5 in Shields
  6548 | D:7      | Found a transporter.
  6570 | D:7      | Found a transporter.
  6573 | D:7      | Noticed jimonade's ghost (novice DECj)
  6775 | D:7      | Found an ornate altar of the Wu Jian Council.
  6776 | D:7      | Found a stormy altar of Qazlal.
  6819 | D:7      | Noticed an ancient zyme
  7110 | D:8      | Noticed Maggie
  7122 | D:8      | Killed Maggie
  7123 | D:8      | Reached XP level 10. HP: 58/88 MP: 6/13
  7130 | D:8      | Reached ***** piety under Uskayaw
  7630 | D:8      | Found a staircase to the Lair.
  7708 | D:8      | Noticed a two-headed ogre
  7719 | D:8      | Killed a two-headed ogre
  7720 | D:8      | Reached skill level 12 in Unarmed Combat
  7989 | D:8      | Noticed Psyche
  7999 | D:8      | Killed Psyche
  8362 | D:9      | Found a shadowy altar of Dithmenos.
  8374 | D:9      | Noticed a two-headed ogre
  8386 | D:9      | Killed a two-headed ogre
  8656 | D:9      | Noticed Grum
  8671 | D:9      | Killed Grum
  8675 | D:9      | Reached skill level 13 in Unarmed Combat
  9163 | D:9      | Reached XP level 11. HP: 85/94 MP: 15/15
  9468 | D:9      | Found a staircase to the Orcish Mines.
  9828 | D:10     | Entered Level 10 of the Dungeon
  9835 | D:10     | Noticed a centaur warrior
 10023 | D:10     | Killed a centaur warrior
 10227 | D:10     | Reached ****** piety under Uskayaw
 10237 | D:10     | Found Ozarch Qeha's Jewellery Shop.
 10248 | D:10     | Bought the ring "Cafuanuh" {rPois Int+2} for 436 gold
                  | pieces
 10496 | D:10     | Reached skill level 14 in Unarmed Combat
 10807 | D:10     | Noticed a centaur warrior
 10821 | D:10     | Killed a centaur warrior
 11426 | D:10     | Found a runed translucent door.
 11431 | D:10     | Noticed Pelinal's ghost (novice VSTm)
 11447 | D:10     | Found a glowing golden altar of the Shining One.
 12382 | D:10     | Killed Pelinal's ghost
 12391 | D:10     | Got the Reference Book on Stones
 12542 | Lair:1   | Entered Level 1 of the Lair of Beasts
 12627 | Lair:1   | Reached XP level 12. HP: 59/104 MP: 13/17
 12664 | Lair:1   | Reached skill level 15 in Unarmed Combat
 13267 | Lair:1   | Reached skill level 1 in Throwing
 13283 | Lair:1   | Got the Collected Works on Harmful Envenoming
 13554 | Lair:2   | Noticed a death yak
 13554 | Lair:2   | Noticed a death yak
 14048 | Lair:2   | Killed a death yak
 14058 | Lair:2   | Killed a death yak
 14111 | Lair:2   | Found a staircase to the Swamp.
 14139 | Lair:1   | HP: 5/109 [bog body (4)]
 14139 | Lair:1   | Mangled by a bog body

Illustrated notes

Levels and vault maps discovered:
D:1:      wander_arrival_peaceful_grave, layout_loops_ring,
          hellmonk_ecumenical_altar_arch_garden, serial_bayou_lake_a
D:2:      layout_basic, uniq_sigmund
D:3:      cheibrodos_fertilizer, layout_basic,
          mainiacjoe_overflow_six_doors_small
D:4:      layout_rooms, mainiacjoe_overflow_small_starburst,
          overflow_temple_1_default, minmay_temple_entry_from_below_a
D:5:      layout_gridville, uniq_eustachio, uniq_prince_ribbit1
D:6:      corexii_shantytown, layout_cave_pods, mainiacjoe_overflow_boulevard,
          uniq_edmund, uniq_pikel, uniq_menkaure
D:7:      layout_rooms, minitemple, serial_glass, glass_columns_a,
          glass_columns_c, gammafunk_ghost_abyssal_escape
D:8:      layout_loops_corners, dpeg_oklobed_lair, grunt_ministairs_14,
          uniq_psyche, uniq_maggie
D:9:      layout_long_grid, nicolae_dithmenos_shadow_blocks, david_orc_4,
          uniq_grum
D:10:     erik_cavepeople, layout_basic, mainiacjoe_overflow_chevrons,
          hellmonk_ghost_big_iron, serial_shops, nicolae_shop_stone
Lair:1:   layout_regular_city, serial_bayou_shore_b, grunt_megastairs_1,
          infiniplex_staircase_pool_2
Lair:2:   layout_long_grid, skrybe_swamp_entry_bodies, serial_bayou_shore_b

Skill      XL: |  1  2  3  4  5  6  7  8  9 10 11 12 |
---------------+-------------------------------------+-----
Unarmed Combat | 4 6 7 8 10 11 13 14 15 | 15.0
Invocations    | 1 2 4 5 7 8 |  8.6
Shields        | 2 4 5 7 8 |  8.5
Throwing       | 4 |  4.1
Fighting       | 4 |  4.6
Dodging        | |  2.4
Stealth        | |  1.0

Action                   |  1- 3 |  4- 6 |  7- 9 | 10-12 || total
-------------------------+-------+-------+-------+-------++-------
Melee: Unarmed           |    76 |   132 |   267 |   395 ||   870
       Punch             |     2 |     5 |       |       ||     7
Throw: Stone             |       |    27 |    39 |    21 ||    87
       Boomerang         |       |       |       |    65 ||    65
Invok: Stomp             |       |       |     7 |    18 ||    25
Evoke: Wand              |       |       |       |     5 ||     5
  Use: Scroll            |     1 |       |    13 |     5 ||    19
       Potion            |       |       |     2 |     7 ||     9
 Stab: Sleeping          |     1 |       |     1 |     1 ||     3
       Paralysed         |       |     1 |     7 |    24 ||    32
Armor: Robe              |    24 |    30 |    31 |     2 ||    87
       Steam dragon scal |       |       |       |    80 ||    80
Dodge: Dodged            |    53 |    54 |    43 |    77 ||   227
Block: Other             |    11 |    14 |       |       ||    25
       Reflection        |       |     2 |     5 |    12 ||    19
       Tower shield      |       |    10 |   244 |   358 ||   612

Table legend: (Time is in decaauts)
 A = Elapsed time spent in this place.
 B = Non-inter-level travel time spent in this place.
 C = Inter-level travel time spent in this place.
 D = Time resting spent in this place.
 E = Time spent auto-exploring this place.
 F = Levels seen in this place.
 G = Mean time per level.
                   A        B        C        D        E       F      G
               +--------+--------+--------+--------+--------+-----+--------+
         Total |  14260 |  13404 |    856 |   2994 |   7089 |  12 | 1188.3 |
       Dungeon |  12626 |  11812 |    814 |   2679 |   6171 |  10 | 1262.6 |
          Lair |   1634 |   1593 |     41 |    315 |    918 |   2 |  817.0 |
               +--------+--------+--------+--------+--------+-----+--------+

Top non-repeatable levels by time:
    D:10: 2204 daAuts
     D:9: 1777 daAuts
     D:6: 1671 daAuts
     D:5: 1411 daAuts
     D:8: 1250 daAuts
  Lair:1: 1107 daAuts
     D:3: 966 daAuts
     D:4: 936 daAuts
     D:2: 936 daAuts
     D:1: 744 daAuts
     D:7: 728 daAuts
  Lair:2: 527 daAuts
